 Dungeon Crawl Stone Soup version 0.20.0-10-g0535bb4 (webtiles) character file.

743300 skittles the Annihilator (level 27, -3/259 HPs)
             Began as a Purple Draconian Fire Elementalist on June 3, 2017.
             Was the Champion of Vehumet.
             Killed by drain life
             ... invoked by a deathcap
             ... summoned by a curse toe
              (19 damage)
             ... on level 5 of the Realm of Zot on June 5, 2017.
             The game lasted 12:27:26 (102690 turns).

skittles the Annihilator (DrFE)                   Turns: 102690, Time: 12:27:26

Health: -3/259     AC: 30    Str: 11    XL:     27
Magic:  40/48      EV: 28    Int: 28    God:    Vehumet [******]
Gold:   6935       SH: 24    Dex: 14    Spells: 2/68 levels left

rFire    + + +     SeeInvis +   a - +7 eveningstar "Idio" {freeze, rF++ rC+ SInv}
rCold    + + +     Gourm    .   p - +5 shield {rC+}
rNeg     . . .     Faith    .   (armour unavailable)
rPois    +         Spirit   .   u - +2 hat {MR+}
rElec    +         Reflect  +   G - scarf "Uwelaa" {rElec Int+2}
rCorr    +         Harm     .   s - +2 pair of gloves of Omission {+Fly Regen+ Slay+2}
MR       +++++     Clarity  +   g - +2 pair of boots {Stlth+} Stlth +++.......Rnd*Tele +
                                F - +6 amulet of reflection
Regen    1.4/turn               o - ring of Baxoo {rC+ EV+6 Dex+2 SInv}
MPRegen  0.4/turn               l - ring of fire

@: icy armour, resistant, hasted, very quick
A: breathe power, unfitting armour, clarity, regeneration 1, robust 1,
teleportitis 1, weak 1, cold-blooded, MP-powered wands, AC +13
}: 4/15 runes: decaying, serpentine, slimy, silver
a: Breathe Dispelling Energy, Renounce Religion, Evoke Flight


You were on level 5 of the Realm of Zot.
You worshipped Vehumet.
Vehumet was exalted by your worship.
You were not hungry.

You visited 11 branches of the dungeon, and saw 55 of its levels.
You visited 1 bazaar.
You also visited: Labyrinth and Ice Cave.

You collected 9490 gold pieces.
You spent 2555 gold pieces at shops.

Inventory:

Hand Weapons
 a - the +7 eveningstar "Idio" (weapon) {freeze, rF++ rC+ SInv}
   (You took it off a yaktaur captain on level 5 of the Vaults)

   It has been specially enchanted to freeze those struck by it, causing extra
   injury to most foes and up to half again as much damage against particularly
   susceptible opponents.
   It can also slow down cold-blooded creatures.
   It greatly protects you from fire.
   It protects you from cold.
   It lets you see invisible.
 W - a +8 demon whip of slashing
Armour
 g - a +2 pair of boots of stealth (worn)
 p - a +5 shield of cold resistance (worn)
 s - the +2 pair of gloves of Omission (worn) {+Fly Regen+ Slay+2}
   (You bought it in a shop on level 2 of the Orcish Mines)

   It affects your accuracy and damage with ranged weapons and melee attacks
   (+2).
   It lets you fly.
   It increases your rate of regeneration.
 u - a +2 hat of magic resistance (worn)
 G - the scarf "Uwelaa" (worn) {rElec Int+2}
   (You acquired it on level 1 of the Lair of Beasts)

   It affects your intelligence (+2).
   It insulates you from electricity.
 M - a +2 cloak of magic resistance
Magical Staves
 b - an uncursed staff of conjuration
Jewellery
 c - the ring of Devotion {rElec rPois MR+ Dex+2}
   (You took it off a deep elf high priest on level 5 of the Vaults)

   [ring of poison resistance]

   It affects your dexterity (+2).
   It insulates you from electricity.
   It protects you from poison.
   It affects your resistance to hostile enchantments.
 l - a ring of fire (right hand)
 o - the ring of Baxoo (left hand) {rC+ EV+6 Dex+2 SInv}
   (You found it on level 5 of the Pits of Slime)

   [ring of evasion]

   It affects your evasion (+6).
   It affects your dexterity (+2).
   It protects you from cold.
   It lets you see invisible.
 q - the ring of Xom's Recklessness {rCorr rF+ rC- Str+4 Dex+6}
   (You took it off a salamander on level 3 of the Snake Pit)

   [ring of resist corrosion]

   It affects your strength (+4).
   It affects your dexterity (+6).
   It protects you from fire.
   It makes you vulnerable to cold.
 z - the ring of Agnosticism {rF+ Str+2 Stlth+}
   (You found it on level 6 of the Lair of Beasts)

   [ring of protection from fire]

   It affects your strength (+2).
   It protects you from fire.
   It makes you more stealthy.
 F - a +6 amulet of reflection (around neck)
 Y - the ring of the Duke {rN+ Int+4 Dex+4 Stlth+}
   (You found it in a labyrinth)

   [ring of stealth]

   It affects your intelligence (+4).
   It affects your dexterity (+4).
   It protects you from negative energy.
   It makes you more stealthy.
Wands
 m - a wand of digging (23/24)
Scrolls
 d - 27 scrolls of remove curse
 e - a scroll of magic mapping
 h - 11 scrolls of identify
 i - 20 scrolls of teleportation
 k - 13 scrolls of fear
 r - 4 scrolls of summoning
 t - 3 scrolls of vulnerability
 y - 7 scrolls of fog
 A - a scroll of holy word
 C - 4 scrolls of amnesia
 H - a scroll of silence
 P - a scroll of enchant armour
 R - 3 scrolls of blinking
 T - a scroll of recharging
Potions
 f - 24 potions of curing
 j - 6 potions of cancellation
 n - 2 potions of invisibility
 v - 4 potions of berserk rage
 w - 10 potions of haste
 x - 8 potions of heal wounds
 D - 3 potions of magic
 E - 5 potions of might
 K - 5 potions of agility
 O - a potion of resistance
 S - 7 potions of brilliance
 U - 4 potions of flight
 Z - 3 potions of ambrosia
Miscellaneous
 B - 3 phantom mirrors
 J - a fan of gales
 L - a lightning rod (2/4)
Comestibles
 N - 16 bread rations


   Skills:
 + Level 17.5 Fighting
   Level 5.3 Long Blades
 - Level 16.0 Maces & Flails
   Level 0.6 Polearms
 + Level 15.0 Dodging
 - Level 1.7 Stealth
 - Level 15.0 Shields
 - Level 21.0 Spellcasting
 O Level 27 Conjurations
 - Level 3.1 Hexes
 - Level 8.0 Charms
 + Level 25.7 Fire Magic
 - Level 7.0 Evocations


You had 2 spell levels left.
You knew the following spells:

 Your Spells              Type           Power        Failure   Level  Hunger
a - Flame Tongue          Conj/Fire      #####        0%          1    None
b - Conjure Flame         Conj/Fire      ########     0%          3    None
c - Sticky Flame          Conj/Fire      ########     0%          4    None
d - Fireball              Conj/Fire      ########..   0%          5    None
e - Fire Storm            Conj/Fire      ########..   1%          9    ######.
f - Orb of Destruction    Conj           ########..   1%          7    ###....
g - Bolt of Cold          Conj/Ice       #######...   1%          6    None
h - Iskenderun's Battles  Conj/Chrm      #######.     1%          5    None
i - Bolt of Fire          Conj/Fire      ########..   0%          6    None
j - Apportation           Tloc           ####..       1%          1    None
k - Summon Butterflies    Summ           ####....     1%          1    None
l - Ozocubu's Armour      Chrm/Ice       ######..     1%          3    None
m - Regeneration          Chrm/Necr      ######....   1%          3    None
n - Slow                  Hex            #####...     1%          2    None
o - Swiftness             Chrm/Air       ######..     1%          2    None
p - Blink                 Tloc           N/A          1%          2    None
q - Iron Shot             Conj/Erth      #######...   1%          6    None


Dungeon Overview and Level Annotations

Branches:
Dungeon (15/15)            Temple (1/1) D:6            Lair (6/6) D:9
  Swamp (4/4) Lair:3        Snake (4/4) Lair:2        Slime (5/5) Lair:5
    Orc (2/2) D:10            Elf (3/3) Orc:2        Vaults (5/5) D:14
  Crypt (0/3) Vaults:2     Depths (5/5) D:15            Zot (5/5) Depths:5

Altars:
Cheibriados
Elyvilon
Kikubaaqudgha
Makhleb
Okawaru
Qazlal
Ru
Trog
Uskayaw
Vehumet
The Shining One
Beogh
Jiyva

Shops:
D:6 [   Orc:2 [:[   Elf:3 %   Snake:2 }}=   Vaults:1 *   Vaults:3 [
Vaults:4 [   Depths:3 [

Portals:
Hell: Depths:1 Depths:2 Depths:3 Depths:4 Depths:5
Abyss: Depths:1 Depths:4
Pandemonium: Depths:3
Ziggurat: Depths:2

Annotations:
Depths:3 2 runed doors


Innate Abilities, Weirdness & Mutations

You can breathe bolts of dispelling energy.
Your rich purple scales are hard. (AC +13)
You cannot fit into any form of body armour.
You are cold-blooded and may be slowed by cold attacks.
You possess an exceptional clarity of mind.
Your natural rate of healing is unusually fast.
You are robust. (+10% HP)
You are occasionally teleported next to monsters.
You are weak. (Str -2)
You expend magic power (3 MP) to strengthen your wands.


Message History

Your battlesphere resists.
The deathcap draws from the surrounding life force!
* * * LOW HITPOINT WARNING * * *
The deathcap is healed.
You feel yourself speed up.
The Orb Guardian hits your shadow dragon!!
Your shadow dragon dies!
Your shadow dragon's corpse dissolves into shadows!
A fireball appears from out of your range of vision.
The fireball explodes!
The fireball engulfs your battlesphere.
Your battlesphere resists.
You block the Orb Guardian's attack.
The curse toe calls on the powers of darkness!
The Orb Guardian convulses! x2; Your body is wracked with pain!
* * * LOW HITPOINT WARNING * * *
A bolt of fire appears from out of your range of vision.
The bolt of fire hits your battlesphere.
Your battlesphere resists.
The deathcap draws from the surrounding life force!
You die...

.#####.#................###...##.
.####.##.....................(...
...#<#...########................
########## #...........)....
#.............##.
#.............##.
**##############▓▓▓▓######
**,.............## *.....
**,,(......@......## *#....
**,,,.......X.......## #....
*,,,,................# ##...
*,,,,...^.^....^f....# #...
*,,,,.......Xzf.f....# *#...
*,,,,.........*......# *....
*,,,,........^...(...# **....
*,,,,................#**,....
**,,,,,,............##*,,.###


You could see a curse toe, 2 Orb Guardians, 2 deathcaps, a wandering mushroom
and a friendly battlesphere.

Vanquished Creatures
  the Royal Jelly (Slime:5)
  Dissolution (Slime:3)
  4 orbs of fire
  3 juggernauts
  6 ancient liches
  Boris (Depths:4)
  Xtahua (Depths:5)
  Vashnia (Snake:2)
  Margery (Depths:5)
  Saint Roka (Elf:3)
  A Killer Klown (Zot:5)
  7 golden dragons
  A curse toe (Zot:5)
  A bone dragon (Swamp:4)
  3 electric golems
  Jorgrun (Depths:1)
  19 tentacled monstrosities
  3 liches
  6 Orb Guardians (Zot:5)
  2 deep elf master archers (Elf:3)
  5 deep elf blademasters
  5 titans
  A quicksilver dragon (shapeshifter) (Depths:4)
  33 acid blobs
  5 quicksilver dragons
  Gastronok (D:9)
  An acid blob (shapeshifter) (Depths:3)
  The ghost of Amianthus the Spry, an adept MfBe of Trog (Swamp:3)
  9 death cobs
  12 sphinxes
  4 thorn hunters
  Frances (Snake:1)
  6 nagarajas (Snake:4)
  6 tengu reavers
  A storm dragon (shapeshifter) (Elf:1)
  20 storm dragons
  Donald (Swamp:3)
  Kirke (Swamp:3)
  An azure jelly (shapeshifter) (Depths:4)
  10 shadow dragons
  3 draconian monks
  13 frost giants
  6 deep elf sorcerers
  16 fire giants
  A ghost moth (shapeshifter) (Depths:4)
  22 azure jellies
  4 draconian scorchers
  An iron dragon (shapeshifter) (Depths:4)
  5 ghost moths
  9 draconian knights
  A fire giant (shapeshifter) (Vaults:5)
  4 iron dragons
  Louise (Snake:2)
  A spriggan defender (Depths:2)
  19 vault wardens
  4 deep elf elementalists
  5 draconian shifters
  5 draconian stormcallers
  4 draconian annihilators
  29 very ugly things
  4 war gargoyles (Depths:4)
  18 ironheart preservers
  Nessos (D:13)
  2 entropy weavers
  12 deep elf demonologists
  A lorocyproca (Depths:4)
  5 black draconians
  23 stone giants
  14 deep elf annihilators
  2 vampire knights
  11 green draconians
  A dire elephant (Lair:6)
  17 white draconians
  11 yellow draconians
  2 pale draconians (Depths:5)
  9 spark wasps
  9 purple draconians
  5 red draconians
  Snorg (D:11)
  20 ettins
  24 fire dragons
  2 crystal guardians
  7 deep elf death magi
  A minotaur (shapeshifter) (Depths:3)
  A minotaur (Lab)
  5 death oozes (Slime:5)
  18 yaktaur captains
  19 great orbs of eyes
  9 rakshasas
  14 deep elf high priests
  A juggernaut simulacrum (Depths:4)
  Josephine (Lair:2)
  The ghost of Dominolapin the Archer, a journeyman CeGl of Gozag (IceCv)
  13 ice dragons
  5 spriggan air magi
  25 naga warriors
  4 ghost crabs
  17 hydras
  2 catoblepae
  10 ogre magi
  29 vault guards
  13 anacondas
  An ice dragon (shapeshifter) (Depths:4)
  12 centaur warriors
  4 alligators
  A two-headed ogre (shapeshifter) (Depths:2)
  4 death knights
  An anaconda (shapeshifter) (Depths:5)
  37 dancing weapons
  A small abomination (Elf:3)
  25 two-headed ogres
  7 deep troll shamans
  7 tengu warriors
  A vampire mage (Depths:1)
  14 spriggan berserkers
  15 deep troll earth magi
  A titan zombie (Depths:1)
  14 naga sharpshooters
  11 shock serpents
  7 spriggans
  A large abomination (Elf:3)
  3 soul eaters
  34 deep elf knights
  5 orc high priests
  An unseen horror (shapeshifter) (Depths:5)
  A death drake (shapeshifter) (Depths:4)
  10 hell knights
  6 skeletal warriors
  4 flayed ghosts
  4 unseen horrors
  A glowing orange brain (Depths:5)
  2 swamp dragons
  44 deep trolls
  2 iron trolls
  4 salamander mystics
  3 spectral hydras (Swamp:4)
  3 shambling mangroves
  26 deep elf archers
  8 wizards
  A swamp dragon (shapeshifter) (Vaults:3)
  14 naga ritualists
  A harpy (shapeshifter) (Vaults:3)
  19 ironbrand convokers
  18 orc knights
  A shadow dragon zombie (Vaults:5)
  5 harpies
  8 necromancers
  8 mana vipers
  6 phantasmal warriors
  75 ugly things
  An oklob plant (Swamp:4)
  A tengu zombie (Depths:1)
  100 deep elf magi
  6 wolf spiders
  6 orc sorcerers
  8 shining eyes
  A tengu skeleton (Vaults:5)
  A salamander (shapeshifter) (Vaults:3)
  5 manticores
  20 salamanders
  The ghost of grindst0ne the Protected, a novice GrFi of Okawaru (D:6)
  A faun (shapeshifter) (Depths:4)
  5 elephants
  25 moths of wrath
  2 ice statues (IceCv)
  6 cyclopes
  Joseph (D:9)
  A human skeleton (Vaults:5)
  Maurice (D:12)
  A guardian serpent (shapeshifter) (Depths:4)
  4 guardian serpents
  41 naga magi
  25 vault sentinels
  5 eyes of devastation
  2 moths of wrath (shapeshifter)
  47 black mambas
  2 gargoyles
  16 spiny frogs
  5 swamp worm zombies (Swamp:4)
  5 rime drakes
  7 komodo dragons
  A hellwing (Depths:5)
  2 rime drakes (shapeshifter)
  10 freezing wraiths
  58 yaktaurs
  5 hydra zombies (Swamp:4)
  A komodo dragon (shapeshifter) (Vaults:3)
  A jumping spider (Vaults:3)
  11 trolls
  2 red devils (Depths:5)
  A tengu conjurer (Depths:3)
  12 polar bears
  A meliai (shapeshifter) (Vaults:3)
  13 hornets
  A fire dragon zombie (Depths:1)
  Prince Ribbit (D:5)
  3 spectral swamp dragons (Swamp:4)
  6 alligator zombies (Swamp:4)
  8 hippogriffs
  20 blink frogs
  A meliai zombie (D:11)
  6 tyrant leeches
  4 raiju (Lair:6)
  12 bog bodies
  15 dream sheep
  A raiju (shapeshifter) (Vaults:5)
  171 slime creatures
  2 fire giant simulacra (Vaults:2)
  A centaur simulacrum (D:13)
  10 wraiths
  A flying skull (Vaults:2)
  5 air elementals
  A vampire (D:13)
  Eustachio (D:5)
  4 wyverns
  Sigmund (D:3)
  3 redbacks
  7 water elementals
  8 hogs
  69 yaks
  3 shadows
  6 golden eyes (Slime:1)
  6 steam dragons
  3 fire elementals
  A human (D:8)
  4 basilisks
  7 hungry ghosts
  64 nagas
  12 wargs
  18 insubstantial wisps
  10 vampire mosquitoes
  Edmund (D:5)
  A deep troll zombie (Vaults:5)
  A soldier ant (D:14)
  16 swamp worms
  17 hell hounds
  11 acid dragons
  14 water moccasins
  11 ice beasts
  12 porcupines
  A floating eye (Depths:5)
  6 swamp drakes
  53 orc warriors
  An eye of draining (shapeshifter) (Vaults:3)
  15 eyes of draining
  A human zombie (Vaults:5)
  2 swamp dragon zombies (Swamp:4)
  An ettin simulacrum (Vaults:2)
  9 phantoms
  5 sky beasts
  13 black bears
  16 boggarts
  28 centaurs
  A tengu (shapeshifter) (Depths:5)
  2 necrophages (D:11)
  20 wolves
  40 ogres
  2 centaurs (shapeshifter)
  15 crocodiles
  A big kobold (D:9)
  29 bullfrogs
  4 earth elementals
  4 scorpions
  10 killer bees
  2 orc simulacra (Vaults:1)
  10 wights
  7 electric eels (D:13)
  3 howler monkeys
  9 crimson imps
  A quasit (D:9)
  6 bullfrog zombies
  A jelly (D:10)
  A centaur zombie (D:7)
  8 hounds
  27 orc priests
  28 orc wizards
  3 bullfrog skeletons
  4 centaur skeletons
  An iron imp (Depths:2)
  14 iguanas
  Ijyb (D:5)
  11 worker ants
  4 yak simulacra (D:10)
  5 wolf simulacra (D:10)
  A howler monkey zombie (D:5)
  2 worker ant zombies
  16 gnolls
  22 adders
  2 swamp drake zombies (Swamp:4)
  2 shadow imps
  12 white imps (D:13)
  3 oozes
  An adder skeleton (D:9)
  An adder zombie (D:5)
  3 worms
  A dart slug (D:1)
  10 leopard geckos
  136 orcs
  4 giant cockroaches
  10 goblins
  14 hobgoblins
  20 jackals
  18 kobolds
  10 quokkas
  2 ball pythons
  8 bats
  5 frilled lizards
  A jackal skeleton (D:8)
  10 rats
  2 river rat simulacra (D:10)
  4 crawling corpses (Elf:3)
  3 fire vortices
  A plant (Lair:2)
3010 creatures vanquished.

Vanquished Creatures (collateral kills)
  A lich (Depths:2)
  A sphinx (Depths:2)
  A draconian shifter (Zot:3)
  A draconian annihilator (Zot:4)
  A red draconian (Zot:1)
  A purple draconian (Zot:3)
  An ettin (Depths:2)
  3 vault guards (Vaults:5)
  A hydra (Depths:1)
  2 ugly things
  A yaktaur (Depths:1)
14 creatures vanquished.

Vanquished Creatures (others)
  A deep elf master archer (Depths:4)
  2 frost giants (Depths:3)
  5 stone giants
  A spark wasp (Depths:5)
  An ogre mage (Vaults:3)
  10 yaktaur captains
  A naga warrior (Snake:2)
  A spriggan air mage (Depths:3)
  4 centaur warriors
  A tengu warrior (D:14)
  2 naga sharpshooters
  A deep elf knight (Vaults:4)
  2 deep trolls
  A deep elf archer (Vaults:2)
  An orc knight (Orc:2)
  2 necromancers (Depths:3)
  An ugly thing (IceCv)
  2 moths of wrath (Zot:5)
  A vault sentinel (Vaults:4)
  13 yaktaurs
  An air elemental (Depths:3)
  4 centaurs
  An orc priest (Orc:2)
  A white imp (D:13)
  A ball lightning (Zot:5)
  105 fire vortices
  6 fungi
  12 plants (Lair:6)
184 creatures vanquished.

Grand Total: 3208 creatures vanquished

Notes
Turn   | Place    | Note
-------+----------+-------------------------------------------
     0 | D:1      | skittles the Draconian Fire Elementalist began the quest for the Orb.
     0 | D:1      | Reached XP level 1. HP: 14/14 MP: 3/3
    26 | D:1      | Reached XP level 2. HP: 18/20 MP: 5/5
   354 | D:1      | Reached skill level 2 in Conjurations
   684 | D:1      | Reached XP level 3. HP: 26/26 MP: 6/6
  1622 | D:2      | Reached skill level 3 in Conjurations
  1651 | D:2      | Reached XP level 4. HP: 24/33 MP: 3/7
  1930 | D:2      | Gained mutation: You possess an exceptional clarity of mind. [potion of mutation]
  1930 | D:2      | Gained mutation: You are robust. (+10% HP) [potion of mutation]
  1930 | D:2      | Gained mutation: You are weak. (Str -2) [potion of mutation]
  1930 | D:2      | Gained mutation: Your natural rate of healing is unusually fast. [potion of mutation]
  2477 | D:3      | Reached XP level 5. HP: 27/41 MP: 0/8
  2712 | D:3      | Learned a level 3 spell: Conjure Flame
  2769 | D:3      | Reached skill level 4 in Conjurations
  2769 | D:3      | Reached skill level 5 in Fire Magic
  2823 | D:3      | Learned a level 4 spell: Sticky Flame
  2833 | D:3      | Reached XP level 6. HP: 46/50 MP: 4/9
  3124 | D:3      | Found a faded altar of an unknown god.
  3184 | D:3      | Reached skill level 1 in Fighting
  3400 | D:3      | Noticed Sigmund
  3410 | D:3      | Killed Sigmund
  3900 | D:4      | Your scales start taking on a rich purple colour.
  3900 | D:4      | Reached XP level 7. HP: 46/60 MP: 4/10
  4464 | D:5      | Entered Level 5 of the Dungeon
  4560 | D:5      | Reached skill level 5 in Conjurations
  4696 | D:5      | Noticed Ijyb
  4718 | D:5      | Paralysed by Ijyb for 5 turns
  4726 | D:5      | Killed Ijyb
  5136 | D:5      | Noticed Prince Ribbit
  5137 | D:5      | Noticed Edmund
  5149 | D:5      | Killed Prince Ribbit
  5149 | D:5      | Reached XP level 8. HP: 53/69 MP: 1/12
  5207 | D:5      | Killed Edmund
  5712 | D:5      | Noticed Eustachio
  5747 | D:5      | Killed Eustachio
  6068 | D:6      | Reached skill level 6 in Conjurations
  6237 | D:6      | Learned a level 5 spell: Fireball
  6239 | D:6      | Found an iron altar of Okawaru.
  6246 | D:6      | Found a burning altar of Makhleb.
  6251 | D:6      | Found a glowing golden altar of the Shining One.
  6258 | D:6      | Found a stormy altar of Qazlal.
  6274 | D:6      | Found a snail-covered altar of Cheibriados.
  6281 | D:6      | Found a white marble altar of Elyvilon.
  6286 | D:6      | Found a bloodstained altar of Trog.
  6316 | D:6      | Found a staircase to the Ecumenical Temple.
  6325 | Temple   | Entered the Ecumenical Temple
  6336 | Temple   | Became a worshipper of Vehumet
  6429 | D:6      | Found an ancient bone altar of Kikubaaqudgha.
  6549 | D:6      | Found Peajo's Antique Armour Shop.
  6558 | D:6      | Bought a glowing buckler for 172 gold pieces
  6894 | D:6      | Noticed grindst0ne's ghost (novice GrFi)
  6933 | D:6      | Killed grindst0ne's ghost
  6933 | D:6      | Reached XP level 9. HP: 60/80 MP: 5/15
  7256 | D:6      | Learned a level 3 spell: Mephitic Cloud
  7600 | D:7      | Reached skill level 5 in Shields
  8022 | D:7      | Reached skill level 5 in Fighting
  8042 | D:7      | Reached * piety under Vehumet
  8042 | D:7      | Offered knowledge of Sting by Vehumet.
  8491 | D:7      | Found a bloodstained altar of Trog.
  8882 | D:7      | Reached skill level 5 in Spellcasting
  8900 | D:8      | Reached skill level 5 in Dodging
  8940 | D:8      | Offered knowledge of Magic Dart by Vehumet.
  8943 | D:8      | Reached ** piety under Vehumet
  9058 | D:8      | Reached XP level 10. HP: 84/91 MP: 17/17
  9078 | D:7      | Reached skill level 7 in Conjurations
  9689 | D:8      | Found a sacrificial altar of Ru.
  9869 | D:9      | Offered knowledge of Ignite Poison by Vehumet.
  9874 | D:9      | Learned a level 3 spell: Ignite Poison
 10019 | D:9      | Noticed a two-headed ogre
 10041 | D:9      | Killed a two-headed ogre
 10224 | D:9      | Found a staircase to the Lair.
 10335 | D:9      | Reached *** piety under Vehumet
 10417 | D:9      | Noticed Joseph
 10433 | D:9      | Killed Joseph
 10540 | D:9      | Noticed Gastronok
 10687 | D:9      | Killed Gastronok
 10687 | D:9      | Reached skill level 8 in Conjurations
 10687 | D:9      | Reached XP level 11. HP: 71/101 MP: 13/21
 11221 | D:10     | Entered Level 10 of the Dungeon
 11296 | D:10     | Offered knowledge of Throw Icicle by Vehumet.
 11302 | D:10     | Learned a level 4 spell: Throw Icicle
 11458 | D:10     | Found a staircase to the Orcish Mines.
 11834 | D:10     | Reached **** piety under Vehumet
 12034 | D:10     | Reached skill level 9 in Conjurations
 12036 | D:10     | Offered knowledge of Bolt of Magma by Vehumet.
 12145 | D:10     | Noticed a necromancer
 12152 | D:10     | Killed a necromancer
 12949 | D:11     | Noticed Snorg
 12962 | D:11     | Killed Snorg
 12962 | D:11     | Reached XP level 12. HP: 112/112 MP: 15/24
 13256 | D:11     | Reached ***** piety under Vehumet
 13266 | D:11     | Offered knowledge of Iskenderun's Battlesphere by Vehumet.
 13299 | D:11     | Learned a level 5 spell: Iskenderun's Battlesphere
 14079 | D:12     | Noticed Maurice
 14121 | D:12     | Killed Maurice
 14504 | D:12     | Reached skill level 10 in Conjurations
 15035 | D:12     | Reached skill level 10 in Fire Magic
 15332 | D:12     | Identified Tuecompa's Volume of the Toxic Birds
 15465 | D:12     | Noticed an eight-headed hydra
 15474 | D:12     | Killed an eight-headed hydra
 15474 | D:12     | Reached skill level 1 in Charms
 15729 | Orc:1    | Entered Level 1 of the Orcish Mines
 15787 | Orc:2    | Entered Level 2 of the Orcish Mines
 15795 | Orc:2    | Identified a scroll of acquirement
 15801 | Orc:2    | Noticed an ettin
 15813 | Orc:2    | Killed an ettin
 15817 | Orc:2    | Reached skill level 10 in Spellcasting
 15855 | Orc:2    | Found a roughly hewn altar of Beogh.
 15914 | Orc:2    | Reached skill level 10 in Fighting
 15957 | Orc:2    | Found a staircase to the Elven Halls.
 15974 | Orc:2    | Found a labyrinth entrance.
 16073 | Lab      | Entered a labyrinth
 16104 | Lab      | Offered knowledge of Bolt of Fire by Vehumet.
 16143 | Lab      | Noticed a minotaur
 16150 | Lab      | Killed a minotaur
 16156 | Lab      | Got a wavering copper ring
 16159 | Lab      | Identified the ring of the Duke {rN+ Int+4 Dex+4 Stlth+} (You found it in a labyrinth)
 16241 | Orc:2    | Reached XP level 13. HP: 87/123 MP: 9/27
 17832 | Orc:1    | Learned a level 6 spell: Bolt of Fire
 18452 | Orc:2    | Found Itweceg's Armour Shoppe.
 18452 | Orc:2    | Found Poluogge's Distillery.
 18456 | Orc:2    | Found Tasi's Armour Shoppe.
 18456 | Orc:2    | Found Vitez's Book Shop.
 18513 | Orc:2    | Bought the +2 pair of gloves of Omission {+Fly Regen+ Slay+2} for 512 gold pieces
 18805 | Lair:1   | Entered Level 1 of the Lair of Beasts
 20686 | Lair:2   | Found a staircase to the Snake Pit.
 21011 | Lair:2   | You fall through a shaft!
 21323 | Lair:3   | Offered knowledge of Yara's Violent Unravelling by Vehumet.
 21336 | Lair:3   | Reached XP level 14. HP: 133/133 MP: 9/32
 21682 | Lair:3   | Found a staircase to the Swamp.
 22587 | Lair:4   | Learned a level 1 spell: Apportation
 22589 | Lair:4   | Learned a level 1 spell: Summon Butterflies
 22771 | Lair:5   | Reached skill level 5 in Charms
 22850 | Lair:5   | Reached skill level 15 in Spellcasting
 22991 | Lair:5   | Found a staircase to the Slime Pits.
 22993 | Lair:5   | Found a viscous altar of Jiyva.
 23616 | Lair:6   | Entered Level 6 of the Lair of Beasts
 24589 | Lair:6   | Reached ****** piety under Vehumet
 24604 | Lair:6   | Reached skill level 1 in Evocations
 24909 | Lair:6   | Offered knowledge of Venom Bolt by Vehumet.
 25577 | Lair:6   | Reached XP level 15. HP: 139/139 MP: 17/35
 25642 | Lair:6   | Got a vibrating pewter ring
 25644 | Lair:6   | Identified the ring of Agnosticism {rF+ Str+2 Stlth+} (You found it on level 6 of the Lair of Beasts)
 26376 | Lair:6   | Learned a level 5 spell: Venom Bolt
 26380 | Lair:6   | Learned a level 3 spell: Regeneration
 26673 | Elf:1    | Entered Level 1 of the Elven Halls
 27188 | Elf:1    | Reached skill level 11 in Conjurations
 27742 | D:13     | Offered knowledge of Iron Shot by Vehumet.
 27990 | D:13     | Noticed Nessos
 27998 | D:13     | Killed Nessos
 28239 | D:13     | Found a frozen archway.
 28423 | IceCv    | Entered an ice cave
 28451 | IceCv    | Found a transporter.
 28590 | IceCv    | Noticed Dominolapin's ghost (journeyman CeGl)
 28598 | IceCv    | Killed Dominolapin's ghost
 28598 | IceCv    | Reached skill level 10 in Dodging
 28612 | IceCv    | HP: 6/142 [ice beast[an ice statue] (10)]
 28870 | D:13     | Offered knowledge of Conjure Ball Lightning by Vehumet.
 29185 | D:13     | Reached skill level 5 in Evocations
 30399 | D:14     | Found a gate to the Vaults.
 30479 | D:14     | Found a glowing golden altar of the Shining One.
 30738 | D:14     | Reached XP level 16. HP: 152/152 MP: 22/36
 30813 | D:15     | Entered Level 15 of the Dungeon
 32338 | D:15     | Reached skill level 12 in Conjurations
 32397 | D:15     | Found a staircase to the Depths.
 32781 | D:13     | Offered knowledge of Orb of Destruction by Vehumet.
 32791 | D:13     | Learned a level 7 spell: Orb of Destruction
 33558 | Elf:1    | Noticed a storm dragon
 33562 | Elf:1    | Killed a storm dragon
 35157 | Elf:1    | Reached XP level 17. HP: 162/162 MP: 24/39
 36320 | Elf:2    | Offered knowledge of Fire Storm by Vehumet.
 36320 | Elf:2    | Offered knowledge of Glaciate by Vehumet.
 36320 | Elf:2    | Offered knowledge of Shatter by Vehumet.
 36938 | Elf:2    | Found a huge runed gate.
 36938 | Elf:2    | Found a huge runed gate.
 36938 | Elf:2    | Found a huge runed gate.
 36938 | Elf:2    | Found a huge runed gate.
 36938 | Elf:2    | Found a huge runed gate.
 37940 | Elf:2    | Noticed a deep elf blademaster
 37945 | Elf:2    | Killed a deep elf blademaster
 38406 | Elf:3    | Entered Level 3 of the Elven Halls
 38495 | Elf:3    | Found Kaevyumm's Food Shoppe.
 38530 | Elf:3    | Noticed Saint Roka
 39023 | Snake:1  | Entered Level 1 of the Snake Pit
 39023 | Snake:1  | Noticed Frances
 39023 | Snake:1  | Noticed Josephine
 39032 | Lair:2   | Killed Josephine
 39032 | Lair:2   | Reached skill level 13 in Conjurations
 39266 | Snake:1  | Killed Frances
 39759 | Snake:1  | Found a runed door.
 41026 | Snake:2  | Reached XP level 18. HP: 171/172 MP: 21/41
 41730 | Snake:2  | Noticed Louise
 41736 | Snake:2  | Killed Louise
 42086 | Snake:2  | Reached skill level 14 in Conjurations
 42087 | Snake:2  | Noticed Vashnia
 42190 | Snake:2  | Killed Vashnia
 42448 | Snake:2  | Found Pimuir Xiwu's Gadget Boutique.
 42449 | Snake:2  | Found Amecis's Jewellery Shoppe.
 42450 | Snake:2  | Found Yceat's Gadget Boutique.
 44042 | Snake:3  | Identified the ring of Xom's Recklessness {rCorr rF+ rC- Str+4 Dex+6} (You took it off a salamander on level 3 of the Snake Pit)
 44050 | Snake:3  | Learned a level 2 spell: Slow
 44249 | Snake:3  | Reached skill level 1 in Hexes
 44920 | Snake:4  | Entered Level 4 of the Snake Pit
 45176 | Snake:3  | Reached skill level 10 in Shields
 46177 | Snake:4  | Reached XP level 19. HP: 179/179 MP: 2/42
 47543 | Snake:4  | Got a serpentine rune of Zot
 47983 | Swamp:1  | Entered Level 1 of the Swamp
 48925 | Swamp:2  | Got a crystal shortbow
 48927 | Swamp:2  | Identified the +12 shortbow of Muommorch {venom, MP+9 Stlth+} (You found it on level 2 of the Swamp)
 49671 | Swamp:3  | Noticed Kirke
 49684 | Swamp:3  | Killed Kirke
 49749 | Swamp:3  | Noticed Amianthus's ghost (adept MfBe)
 49762 | Swamp:3  | Killed Amianthus's ghost
 50368 | Swamp:3  | Noticed Donald
 50376 | Swamp:3  | Killed Donald
 50716 | Swamp:4  | Entered Level 4 of the Swamp
 50723 | Swamp:4  | Reached skill level 15 in Shields
 52002 | Swamp:4  | Noticed a bone dragon
 52053 | Swamp:4  | Killed a bone dragon
 52345 | Swamp:4  | Reached skill level 15 in Conjurations
 52395 | Swamp:4  | Reached XP level 20. HP: 187/187 MP: 10/43
 52796 | Swamp:4  | Got a decaying rune of Zot
 53434 | Elf:3    | Killed Saint Roka
 53434 | Elf:3    | Reached skill level 15 in Fire Magic
 54963 | Elf:3    | Reached skill level 16 in Conjurations
 56097 | Elf:3    | Got a twisted dagger {protect}
 56097 | Elf:3    | Got a crude ivory ring
 56101 | Elf:3    | Identified the +11 dagger "Lido" {protect, SInv} (You took it off a deep elf annihilator on level 3 of the Elven Halls)
 56106 | Elf:3    | Identified the ring of Enaesut {*Tele rElec rF- Dex+6} (You took it off a deep elf demonologist on level 3 of the Elven Halls)
 56108 | Elf:3    | Got a slimy lead ring
 56269 | Elf:3    | Identified the cursed ring "Susivydutz" {+Fly rC- AC-4 Str+9 Int+7} (You took it off a deep elf annihilator on level 3 of the Elven Halls)
 56341 | Elf:3    | Got an ancient dagger
 56342 | Elf:3    | Identified the +3 dagger of Cowardice {pierce, +Rage Int+2 Dex+6} (You found it on level 3 of the Elven Halls)
 56399 | Elf:3    | Got a pair of smoking gloves
 56410 | Elf:3    | Identified the +2 pair of gloves "Zas Nurph" {Regen+ Slay+2} (You found it on level 3 of the Elven Halls)
 56493 | Elf:3    | Identified the Volume of Lightness and the Frostbite
 56502 | Elf:3    | Identified Tuqik's Guide on Clay
 56825 | Lair:1   | Learned a level 9 spell: Fire Storm
 57001 | Vaults:1 | Entered Level 1 of the Vaults
 57050 | Vaults:1 | Reached skill level 17 in Conjurations
 57132 | Vaults:1 | Found Makoh's General Store.
 57481 | Vaults:1 | Reached XP level 21. HP: 192/192 MP: 35/44
 58004 | Vaults:1 | Reached skill level 18 in Conjurations
 59679 | Vaults:2 | Reached skill level 19 in Conjurations
 60002 | Vaults:2 | Found a hide-covered altar of Uskayaw.
 60377 | Vaults:2 | Found a staircase to the Crypt.
 61279 | Vaults:2 | Reached skill level 20 in Conjurations
 62112 | Vaults:2 | Reached XP level 22. HP: 200/200 MP: 29/45
 62931 | Vaults:3 | Found Fow Rong's Antique Armour Emporium.
 63446 | Vaults:3 | Reached skill level 21 in Conjurations
 65402 | Vaults:4 | Identified the cursed +1 battleaxe "Arcanum" {chop, +Rage rC+ MR+ Dex-2} (You found it on level 4 of the Vaults)
 66356 | Vaults:4 | Found Zaphumuo's Armour Shoppe.
 67091 | Lair:1   | Learned a level 2 spell: Swiftness
 67517 | Vaults:5 | Entered Level 5 of the Vaults
 67519 | Vaults:5 | Reached skill level 1 in Long Blades
 67523 | Vaults:5 | Reached XP level 23. HP: 200/208 MP: 40/46
 67528 | Vaults:5 | Reached skill level 22 in Conjurations
 67902 | Vaults:5 | Reached skill level 5 in Long Blades
 68056 | Vaults:5 | Got an uncursed brightly glowing eveningstar {freeze}
 68057 | Vaults:5 | Identified the +7 eveningstar "Idio" {freeze, rF++ rC+ SInv} (You took it off a yaktaur captain on level 5 of the Vaults)
 68130 | Vaults:5 | Got a silver rune of Zot
 68145 | Vaults:5 | Got a scorched long sword {pain}
 68178 | Vaults:5 | Reached skill level 1 in Maces & Flails
 68383 | Vaults:5 | Got a steaming marble ring
 68386 | Vaults:5 | Identified the ring "Noreybis" {Ice MR- Str+2 Int+5} (You took it off a tengu reaver on level 5 of the Vaults)
 69303 | Vaults:5 | Noticed an ancient lich
 69309 | Vaults:5 | Killed an ancient lich
 69309 | Vaults:5 | Reached skill level 5 in Maces & Flails
 69425 | Vaults:5 | Got a coiled golden ring
 69427 | Vaults:5 | Identified the ring of Devotion {rElec rPois MR+ Dex+2} (You took it off a deep elf high priest on level 5 of the Vaults)
 70727 | Vaults:5 | Identified the Catalogue of the Lethal Entourage
 71044 | Vaults:5 | Reached XP level 24. HP: 217/217 MP: 41/46
 72407 | Slime:1  | Entered Level 1 of the Pits of Slime
 73448 | Slime:3  | Noticed Dissolution
 73452 | Slime:3  | Killed Dissolution
 73454 | Slime:3  | Reached skill level 23 in Conjurations
 75507 | Slime:3  | Reached skill level 10 in Maces & Flails
 77177 | Slime:5  | Entered Level 5 of the Pits of Slime
 77743 | Slime:5  | Noticed the Royal Jelly
 77746 | Slime:5  | Killed the Royal Jelly
 77746 | Slime:5  | Reached XP level 25. HP: 223/223 MP: 17/46
 77989 | Slime:5  | Got a slimy falchion
 78010 | Slime:5  | Got a shimmering bronze ring
 78041 | Slime:5  | Identified the Guide on the Rocks and Snow
 78049 | Slime:5  | Identified the +11 falchion "Elu Qysmac" {freeze, rElec} (You found it on level 5 of the Pits of Slime)
 78051 | Slime:5  | Got a slimy rune of Zot
 78052 | Slime:5  | Identified the ring of Baxoo {rC+ EV+6 Dex+2 SInv} (You found it on level 5 of the Pits of Slime)
 78099 | Slime:5  | Got a vibrating steel amulet
 78100 | Slime:5  | Identified the amulet "Poerit" {Faith +Blink rElec Str-2 Int-4} (You found it on level 5 of the Pits of Slime)
 78689 | Lair:1   | Got a smoking scarf
 78700 | Lair:1   | Identified the scarf "Uwelaa" {rElec Int+2} (You acquired it on level 1 of the Lair of Beasts)
 78736 | Lair:1   | Learned a level 6 spell: Bolt of Cold
 78741 | Lair:1   | Learned a level 3 spell: Ozocubu's Armour
 78976 | Depths:1 | Entered Level 1 of the Depths
 79083 | Depths:1 | Found a gateway to Hell.
 79399 | Depths:1 | Found a one-way gate to the infinite horrors of the Abyss.
 79642 | Depths:1 | Noticed Jorgrun
 79653 | Depths:1 | Killed Jorgrun
 79942 | Depths:1 | Reached skill level 24 in Conjurations
 81516 | Depths:2 | Found a gateway to a ziggurat.
 81714 | Depths:2 | Noticed a juggernaut
 81715 | Depths:2 | Killed a juggernaut
 81984 | Depths:2 | Identified the Compendium of Transformation and the Birds
 82005 | Depths:2 | Learned a level 2 spell: Blink
 82768 | Depths:3 | Found a flickering gateway to a bazaar.
 82774 | Bazaar   | Entered a bazaar
 82810 | Bazaar   | Found Gitorof's Antique Armour Emporium.
 82810 | Bazaar   | Found Nyuqok's Food Emporium.
 82846 | Bazaar   | Found Guehell's Gadget Shoppe.
 82846 | Bazaar   | Found Liequ's Book Shoppe.
 82883 | Bazaar   | Bought a runed large shield for 90 gold pieces
 82921 | Bazaar   | Bought a book of Fire for 845 gold pieces
 82995 | Depths:3 | Reached XP level 26. HP: 232/232 MP: 21/46
 84721 | Depths:3 | Found a runed door.
 84724 | Depths:3 | Noticed a juggernaut
 84724 | Depths:3 | Found a runed door.
 84725 | Depths:3 | Found a runed door.
 84728 | Depths:3 | Noticed a juggernaut
 84736 | Depths:3 | Killed a juggernaut
 84894 | Depths:3 | Reached skill level 25 in Conjurations
 85051 | Depths:3 | Reached skill level 15 in Maces & Flails
 85319 | Depths:3 | Found Wuppiciv's Antique Armour Emporium.
 85321 | Depths:3 | Found a one-way gate leading to the halls of Pandemonium.
 85839 | Depths:3 | Killed a juggernaut
 86762 | Depths:4 | Noticed Boris
 86767 | Depths:4 | Killed Boris
 87091 | Depths:4 | Reached XP level 27. HP: 240/240 MP: 28/46
 87120 | Depths:4 | Noticed an ancient lich
 87124 | Depths:4 | Killed an ancient lich
 87784 | Depths:4 | Got a flickering iron amulet
 87785 | Depths:4 | Identified the amulet "Acwiudwo" {Inacc rF+ MR+ Str+2} (You found it on level 4 of the Depths)
 88657 | Depths:5 | Entered Level 5 of the Depths
 88864 | Depths:5 | Noticed Xtahua
 88869 | Depths:5 | Killed Xtahua
 89066 | Depths:5 | Noticed Margery
 91307 | Depths:5 | Found a gate to the Realm of Zot.
 91518 | Depths:5 | Killed Margery
 92338 | Snake:2  | Bought a +6 amulet of reflection for 936 gold pieces
 92843 | Zot:1    | Entered Level 1 of the Realm of Zot
 93491 | Zot:1    | Learned a level 6 spell: Iron Shot
 96063 | Zot:3    | Reached skill level 26 in Conjurations
 96214 | Zot:3    | Reached skill level 15 in Fighting
 97278 | Zot:5    | Entered Level 5 of the Realm of Zot
 99535 | Zot:4    | Noticed an orb of fire
 99542 | Zot:4    | Killed an orb of fire
100870 | Zot:5    | Noticed an ancient lich
100872 | Zot:5    | Killed an ancient lich
100873 | Zot:5    | Noticed an orb of fire
101180 | Zot:5    | Noticed an orb of fire
101362 | Zot:5    | Killed an orb of fire
101626 | Zot:5    | Noticed an orb of fire
101629 | Zot:5    | Gained mutation: You expend magic power (3 MP) to strengthen your wands. [an orb of fire]
101631 | Zot:5    | Killed an orb of fire
101911 | Zot:5    | Noticed an ancient lich
101915 | Zot:5    | Killed an ancient lich
102002 | Zot:5    | Noticed an ancient lich
102007 | Zot:5    | Killed an ancient lich
102088 | Zot:5    | Gained mutation: You are occasionally teleported next to monsters. [an orb of fire]
102099 | Zot:5    | Killed an orb of fire
102542 | Zot:5    | Noticed an ancient lich
102550 | Zot:5    | Killed an ancient lich
102550 | Zot:5    | Reached skill level 15 in Dodging
102550 | Zot:5    | Reached skill level 27 in Conjurations
102690 | Zot:5    | Killed from afar by a deathcap

Skill      XL: |  1  2  3  4  5  6  7  8  9 10 11 12 13 14 15 16 17 18 19 20 21 22 23 24 25 26 27 |
---------------+----------------------------------------------------------------------------------+-----
Conjurations   | 2 3 4 5 6 8 9 10 11 12 13 14 15 17 20 21 22 23 24 25 27 | 27.0
Fire Magic     | 4 5 6 7 8 9 10 11 13 14 16 18 20 22 23 24 25 | 25.7
Dodging        | 2 3 4 5 6 7 9 10 11 15 | 15.0
Fighting       | 2 3 4 5 7 8 10 11 12 13 17 | 17.5
Spellcasting   | 3 4 5 7 8 10 14 16 18 19 21 | 21.0
Shields        | 3 6 11 15 | 15.0
Charms         | 3 4 8 |  8.0
Evocations     | 2 5 7 |  7.0
Hexes          | 3 |  3.1
Long Blades    | 2 5 |  5.3
Maces & Flails | 7 11 13 16 | 16.0
Polearms       | |  0.6
Stealth        | |  1.7

Action                   |  1- 3 |  4- 6 |  7- 9 | 10-12 | 13-15 | 16-18 | 19-21 | 22-24 | 25-27 || total
-------------------------+-------+-------+-------+-------+-------+-------+-------+-------+-------++-------
Melee: Whip              |   105 |   145 |   180 |       |       |       |       |       |       ||   430
       Tailslap          |     7 |     9 |    43 |    52 |   128 |    38 |    21 |     4 |    62 ||   364
       Trident           |       |       |    29 |     2 |       |       |       |       |       ||    31
       Long sword        |       |       |   263 |   197 |    65 |       |       |       |       ||   525
       Dagger            |       |       |       |   314 |   754 |   323 |   201 |     2 |       ||  1594
       War axe           |       |       |       |       |    23 |       |       |       |       ||    23
       Staff             |       |       |       |       |    26 |     9 |     6 |     4 |     4 ||    49
       Double sword      |       |       |       |       |       |       |       |     6 |       ||     6
       Eveningstar       |       |       |       |       |       |       |       |    38 |   378 ||   416
 Cast: Flame Tongue      |    17 |    57 |    89 |   384 |   373 |   488 |   583 |   315 |   149 ||  2455
       Sticky Flame      |       |     1 |    18 |    91 |   182 |    38 |    83 |    18 |     6 ||   437
       Conjure Flame     |       |       |     8 |    21 |    11 |    14 |     8 |     1 |     1 ||    64
       Fireball          |       |       |       |     5 |    52 |    37 |    36 |    47 |    16 ||   193
       Iskenderun's Batt |       |       |       |     1 |    18 |   120 |   158 |   154 |   230 ||   681
       Mephitic Cloud    |       |       |       |     1 |     3 |     1 |       |       |       ||     5
       Bolt of Fire      |       |       |       |       |    97 |   223 |   357 |   411 |   655 ||  1743
       Throw Icicle      |       |       |       |       |    51 |    57 |    12 |    17 |       ||   137
       Ignite Poison     |       |       |       |       |     2 |       |       |       |       ||     2
       Regeneration      |       |       |       |       |     1 |    16 |    13 |    13 |    22 ||    65
       Summon Butterflie |       |       |       |       |     1 |       |       |       |     3 ||     4
       Orb of Destructio |       |       |       |       |       |    40 |    17 |     7 |    73 ||   137
       Fire Storm        |       |       |       |       |       |       |       |    15 |    36 ||    51
       Bolt of Cold      |       |       |       |       |       |       |       |       |   115 ||   115
       Ozocubu's Armour  |       |       |       |       |       |       |       |       |    33 ||    33
       Swiftness         |       |       |       |       |       |       |       |       |     2 ||     2
       Iron Shot         |       |       |       |       |       |       |       |       |     5 ||     5
 Abil: Breathe Dispellin |       |       |     7 |    15 |     4 |     2 |     2 |       |     2 ||    32
       Evoke Flight      |       |       |       |       |     3 |       |       |       |       ||     3
Evoke: Wand              |       |       |       |       |       |     3 |       |     3 |     1 ||     7
       Fan of gales      |       |       |       |       |       |     1 |     1 |       |       ||     2
       Lightning rod     |       |       |       |       |       |     1 |     1 |       |       ||     2
  Use: Potion            |       |     4 |       |       |     4 |     1 |       |       |     6 ||    15
       Scroll            |       |     1 |    12 |     7 |    12 |    10 |    13 |    16 |    28 ||    99
 Stab: Sleeping          |     5 |     6 |     4 |     4 |     5 |     3 |     1 |       |       ||    28
       Confused          |       |       |       |       |     1 |       |       |       |       ||     1
       Distracted        |       |       |       |       |     1 |     1 |       |       |       ||     2
       Petrified         |       |       |       |       |       |       |       |       |     3 ||     3
       Petrifying        |       |       |       |       |       |       |       |       |     1 ||     1
  Eat: Chunk             |     3 |     8 |    21 |    36 |    63 |    55 |    41 |    48 |    80 ||   355
       Fruit             |       |       |     3 |     1 |    10 |     4 |     8 |     5 |    11 ||    42
       Royal jelly       |       |       |       |       |       |     6 |     2 |     3 |       ||    11
       Meat ration       |       |       |       |       |       |     4 |     2 |     1 |     5 ||    12
       Bread ration      |       |       |       |       |       |       |     5 |     6 |     3 ||    14
Armor: Skin              |    33 |    56 |   133 |   143 |   424 |   154 |   160 |    46 |   100 ||  1249
Dodge: Dodged            |    68 |   145 |   350 |   537 |   864 |   340 |   262 |   137 |   377 ||  3080
Block: Buckler           |       |       |    49 |   236 |   732 |   218 |       |       |       ||  1235
       Reflection        |       |       |       |     1 |    27 |    60 |    78 |    72 |    46 ||   284
       Shield            |       |       |       |       |       |   127 |   671 |   330 |   531 ||  1659
       Rpst.: Long sword |       |       |    61 |    63 |    34 |       |       |       |       ||   158
